 Dungeon Sprint DCSS version 0.28.0-43-g3370ac3207 (webtiles) character file.

Game seed: 11049441791139640071

33024 boopmooplesden the Minotaur Blade (level 13, -7/136 HPs)
             Began as a Minotaur Berserker on Mar 22, 2022.
             Was an Elder of Trog.
             Mangled by a balrug
             ... wielding a +0 demon whip
              (13 damage)
             ... in the Dungeon (Sprint IV: "Fedhas' Mad Dash").
             The game lasted 00:13:30 (9656 turns).

boopmooplesden the Minotaur Blade (MiBe)            Turns: 9656, Time: 00:13:31

Health: -7/136     AC: 19    Str: 23    XL:     13   Next: 34%
Magic:  12/12      EV: 16    Int:  4    God:    Trog [****..]
Gold:   258        SH:  0    Dex: 14    Spells: 12/12 levels left

rFire   . . .      SeeInvis .   B - +6 triple sword (vorpal)
rCold   . . .      Faith    .   (shield currently unavailable)
rNeg    . . .      Spirit   .   D - +7 faerie dragon scales {+Blink rCorr Slay+2}
rPois   +          Reflect  .   (helmet restricted)
rElec   .          Harm     +   k - scarf {harm}
rCorr   +          Rampage  .   s - +0 pair of gloves
Will    .....      NoTele   +   (no boots)
Stlth   ++........              i - amulet of invisibility {+Inv}
HPRegen 0.32/turn               o - ring of poison resistance
MPRegen 0.13/turn               (no ring)

@: on berserk cooldown, slowed, very slow
A: horns 2, retaliatory headbutt
0: Orb of Zot
a: Renounce Religion, Evoke Blink, Evoke Invisibility, Berserk, Trog's Hand,
Brothers in Arms


You were in the Dungeon.
You worshipped Trog.
Trog was greatly pleased with you.
You visited 1 branch You collected 446 gold pieces.
You spent 188 gold pieces at shops.

Inventory:

Hand Weapons
 a - a +0 falchion
 q - a +3 vorpal scimitar
 r - a +5 vorpal triple sword
 t - a +1 lajatang of speed
 u - the +4 morningstar of Valour {protect, rCorr}
   (You found it in the Dungeon)

   It grants its wielder temporary protection when it strikes (+7 to AC).
   rCorr:     It protects you from acid and corrosion.
 v - the +8 storm bow {elec, penet}
   (You took it off a spriggan rider in the Dungeon)

   Any ammunition fired from it occasionally discharges a powerful burst of
   electricity upon striking a foe.
   Any ammunition fired by it passes through the targets it hits, potentially
   hitting all targets in its path until it reaches maximum range.
 x - the +6 mace of Iwoenal {vorpal, *Slow rF+ Int+4}
   (You found it in the Dungeon)

   It inflicts extra damage upon your enemies.
   Int:       It affects your intelligence (+4).
   rF:        It protects you from fire.
   *Slow:     It may slow you when you take damage.
 z - the +8 halberd "Zetzem" {vorpal, Fly rF+ Dex-4}
   (Trog gifted it to you in the Dungeon)

   It inflicts extra damage upon your enemies.
   Dex:       It affects your dexterity (-4).
   rF:        It protects you from fire.
   Fly:       It grants you flight.
 A - a +1 demon whip of venom
 B - a +6 vorpal triple sword (weapon)
 E - the +10 great sword of the Ego {vorpal, Dex+5}
   (Trog gifted it to you in the Dungeon)

   It inflicts extra damage upon your enemies.
   Dex:       It affects your dexterity (+5).
Missiles
 w - 23 arrows
Armour
 b - a +0 animal skin
 j - a +0 buckler
 k - a scarf of harm (worn)
 n - a +0 cloak
 p - a +1 chain mail of cold resistance
 s - a +0 pair of gloves (worn)
 C - a +2 buckler of fire resistance
 D - the +7 faerie dragon scales (worn) {+Blink rCorr Slay+2}
   (You took it off the Enchantress in the Dungeon)

   Slay:      It affects your accuracy & damage with ranged weapons and melee
   (+2).
   +Blink:    It lets you blink.
   rCorr:     It protects you from acid and corrosion.
Jewellery
 i - the amulet of invisibility (around neck) {+Inv}
   (You found it in the Dungeon)

   [amulet of nothing]

   +Inv:      It lets you turn invisible.
 m - the necklace of Bloodlust {*Rage Will++ Int-3 Slay+6}
   (You found it in the Dungeon)

   [amulet of nothing]

   It extends the wearer's berserk rage when killing foes.
   Int:       It affects your intelligence (-3).
   Slay:      It affects your accuracy & damage with ranged weapons and melee
   (+6).
   *Rage:     It berserks you when you make melee attacks (+50% chance).
   Will:      It greatly increases your willpower.
 o - a ring of poison resistance (left hand)
 y - the amulet "Paneil" {Reflect rF+ Will- Dex+4 SH+5}
   (You found it in the Dungeon)

   [amulet of reflection]

   It reflects blocked missile attacks.
   Dex:       It affects your dexterity (+4).
   rF:        It protects you from fire.
   SH:        It affects your SH (+5).
   Will:      It decreases your willpower.
Scrolls
 h - 2 scrolls of blinking
 l - a scroll of identify {unknown}
Potions
 c - a potion of curing
 d - a potion of heal wounds
 e - a potion of haste
 f - 3 potions of magic
 g - 2 potions of berserk rage


   Skills:
 + Level 18.8 Fighting
 + Level 22.8 Long Blades
 + Level 2.0 Bows
 + Level 17.0 Armour
 + Level 10.5 Dodging
 + Level 12.3 Stealth
 + Level 3.2 Shields
 + Level 14.7 Evocations


You had 12 spell levels left.
You didn't know any spells.
Your spell library was empty.

Dungeon Overview and Level Annotations

Branches:
Dungeon (1/1)

Altars:
Cheibriados
Dithmenos
Elyvilon
Gozag
Hepliaklqana
Kikubaaqudgha
Makhleb
Nemelex Xobeh
Okawaru
Qazlal
Ru
Sif Muna
Trog
Uskayaw
Vehumet
Wu Jian
Xom
Yredelemnul
Zin
The Shining One
Beogh
Jiyva
Lugonu

Shops:
D ?([!!(=?*(:(*[:(=[(*!


Innate Abilities, Weirdness & Mutations

You have a pair of horns on your head.
You reflexively headbutt those who attack you in melee.


Message History

The demonspawn blood saint dies!
Trog accepts your kill.
Your Armour skill increases to level 17!
A red devil comes into view. It is wielding a +0 trident.
The balrug hits your troll with a +0 demon whip!!
Your troll is engulfed in flames!!
Your troll completely misses the balrug.
Your troll claws the balrug.
Your troll claws the balrug but does no damage.
Your ogre rages.
The balrug gestures at you. Makhleb smites you!
The demonspawn warmonger unwields a +4 demon blade of venom.
It stops dripping with poison.
The demonspawn warmonger wields a +4 arbalest of freezing.
It is covered in frost.
The demonspawn warmonger shoots a bolt.
The bolt hits your troll!!! The bolt freezes your troll!
Your troll dies!
Your troll's corpse disappears in a puff of smoke!
The balrug hits your ogre but does no damage.
The balrug hits your ogre with a +0 demon whip!!
Your ogre is engulfed in flames!
Your ogre dies!
Your ogre's corpse disappears in a puff of smoke!
The demonspawn warmonger shoots a bolt.
The bolt hits you! The bolt freezes you. The balrug gestures at you.
The fireball explodes!
The fireball engulfs you!
* * * LOW HITPOINT WARNING * * *
The tree burns like a torch!
The demonspawn warmonger shoots a bolt.
The bolt misses you.
You're still recovering from your berserk rage.
The balrug hits you but does no damage.
The balrug hits you with a +0 demon whip!
* * * LOW HITPOINT WARNING * * *
You are engulfed in flames!
* * * LOW HITPOINT WARNING * * *
The demonspawn warmonger shoots a bolt.
The bolt hits you but does no damage.
The balrug hits you with a +0 demon whip!
You die...

#.).....P..# #....'.........
###.P....### #....#####P....
###...## ##....# ######
#....####.)...#####∩∩∩#.
#.............'....∩.∩'.
#.............#####∩∩∩#.
################################
#.....4..♣..♣..§.)♣..♣..♣..♣..♣)
#......)4......@)6....).......))
#........♣..§..♣2.♣..♣..♣..♣..♣.
##''''##########################
#......# ######.....#####.
#......#########................
##.....)........................
#.....................).......)
#..............######.....####.
#..............# ####### ##


You could see a demonspawn warmonger (agile), a balrug (fast) and a red devil.

Vanquished Creatures
  the Enchantress (D)
  2 ghost moths (D)
  An angel (D)
  5 spriggan defenders (D)
  5 spriggan berserkers (D)
  3 spriggan druids (D)
  23 oklob plants (D)
  3 moths of wrath (D)
  4 demonic crawlers (D)
  3 burning bushes (D)
  2 queen bees (D)
  10 hornets (D)
  3 wandering mushrooms (D)
  4 scorpions (D)
  4 killer bees (D)
  5 oklob saplings (D)
  11 spriggans (D)
  A river rat (D)
  A rat (D)
  A ballistomycete spore (D)
92 creatures vanquished.

Vanquished Creatures (collateral kills)
  Agnes (D)
  A spriggan defender (D)
  A demonspawn blood saint (D)
  A spriggan druid (D)
  2 oklob plants (D)
  An ice devil (D)
7 creatures vanquished.

Vanquished Creatures (others)
  A ballistomycete spore (D)
  A bush (D)
2 creatures vanquished.

Grand Total: 101 creatures vanquished

Notes
Turn   | Place    | Note
-------+----------+-------------------------------------------
     0 | D        | boopmooplesden the Minotaur Berserker began the quest for
                  | the Orb.
     0 | D        | Reached XP level 1. HP: 19/19 MP: 0/0
     8 | D        | Reached skill level 4 in Long Blades
     8 | D        | Reached XP level 2. HP: 18/28 MP: 1/1
   316 | D        | Noticed a scorpion
   317 | D        | Noticed an oklob sapling
   318 | D        | Killed an oklob sapling
   318 | D        | Reached ** piety under Trog
   319 | D        | Reached skill level 5 in Fighting
   319 | D        | Reached skill level 6 in Long Blades
   319 | D        | Reached XP level 3. HP: 37/37 MP: 2/2
   321 | D        | Killed a scorpion
   322 | D        | Reached skill level 7 in Long Blades
   322 | D        | Reached XP level 4. HP: 47/47 MP: 3/3
   323 | D        | Found the amulet of invisibility {+Inv}
   363 | D        | Reached skill level 8 in Long Blades
   620 | D        | Found an opulent altar of Gozag.
   620 | D        | Found a hazy altar of Hepliaklqana.
   620 | D        | Found a snail-covered altar of Cheibriados.
   627 | D        | Found a viscous altar of Jiyva.
   627 | D        | Found a burning altar of Makhleb.
   627 | D        | Found a sparkling altar of Nemelex Xobeh.
   627 | D        | Found a sacrificial altar of Ru.
   627 | D        | Found a shimmering blue altar of Sif Muna.
   627 | D        | Found a bloodstained altar of Trog.
   627 | D        | Found an ornate altar of the Wu Jian Council.
   627 | D        | Found a shimmering altar of Xom.
   627 | D        | Found a basalt altar of Yredelemnul.
   628 | D        | Found an iron altar of Okawaru.
   628 | D        | Found a shadowy altar of Dithmenos.
   628 | D        | Found a glowing silver altar of Zin.
   629 | D        | Found an ancient bone altar of Kikubaaqudgha.
   629 | D        | Found a hide-covered altar of Uskayaw.
   630 | D        | Found a white marble altar of Elyvilon.
   630 | D        | Found a stormy altar of Qazlal.
   630 | D        | Found a glowing golden altar of the Shining One.
   631 | D        | Found a corrupted altar of Lugonu.
   631 | D        | Found a radiant altar of Vehumet.
   637 | D        | Reached skill level 9 in Long Blades
   637 | D        | Reached skill level 1 in Stealth
   637 | D        | Reached skill level 1 in Evocations
   637 | D        | Reached XP level 5. HP: 56/56 MP: 1/4
   680 | D        | Reached *** piety under Trog
   822 | D        | Reached skill level 10 in Long Blades
   822 | D        | Reached skill level 5 in Armour
   822 | D        | Reached XP level 6. HP: 11/66 MP: 5/5
  1291 | D        | Found Ehauw Vohy's Book Shop.
  1291 | D        | Found Ziull's Antique Armour Emporium.
  1300 | D        | Noticed a burning bush
  1300 | D        | Noticed a wandering mushroom
  1301 | D        | Noticed a wandering mushroom
  1310 | D        | Reached skill level 10 in Fighting
  1310 | D        | Reached skill level 5 in Dodging
  1315 | D        | Killed a wandering mushroom
  1315 | D        | Reached **** piety under Trog
  1316 | D        | Reached skill level 11 in Long Blades
  1316 | D        | Reached XP level 7. HP: 59/74 MP: 6/6
  1320 | D        | Killed a wandering mushroom
  1321 | D        | Reached skill level 12 in Long Blades
  1744 | D        | Killed a burning bush
  1745 | D        | Reached skill level 13 in Long Blades
  1746 | D        | Found Weilio's Weapon Emporium.
  1746 | D        | Found Xadd's Armour Shoppe.
  1746 | D        | Found the necklace of Bloodlust {*Rage Will++ Int-3 Slay+6}
  1783 | D        | Bought a +0 cloak for 49 gold pieces
  1966 | D        | Noticed a queen bee
  1986 | D        | Reached XP level 8. HP: 73/83 MP: 5/7
  1990 | D        | Killed a queen bee
  1990 | D        | Reached ***** piety under Trog
  1991 | D        | Reached skill level 14 in Long Blades
  1991 | D        | Reached skill level 5 in Evocations
  2345 | D        | Noticed an oklob plant
  2350 | D        | Killed an oklob plant
  2488 | D        | Noticed a burning bush
  2498 | D        | Killed a burning bush
  2499 | D        | Reached skill level 15 in Long Blades
  2568 | D        | Noticed a burning bush
  2568 | D        | Noticed an oklob plant
  2569 | D        | Noticed a wandering mushroom
  2575 | D        | Killed a burning bush
  2576 | D        | Reached XP level 9. HP: 93/93 MP: 5/8
  2585 | D        | Killed an oklob plant
  2588 | D        | Killed a wandering mushroom
  2589 | D        | Reached skill level 16 in Long Blades
  2589 | D        | Reached skill level 5 in Stealth
  2731 | D        | Noticed a spriggan druid
  2738 | D        | Killed a spriggan druid
  2738 | D        | Received a gift from Trog
  2739 | D        | Reached skill level 1 in Shields
  2893 | D        | Noticed an oklob plant conjurer
  2898 | D        | Killed an oklob plant conjurer
  2968 | D        | Noticed an oklob plant
  2968 | D        | Noticed an oklob plant summoner
  2969 | D        | Noticed an oklob plant shifter
  2977 | D        | Killed an oklob plant summoner
  2983 | D        | Killed an oklob plant shifter
  2984 | D        | Reached XP level 10. HP: 103/103 MP: 7/9
  2990 | D        | Killed an oklob plant
  3272 | D        | Reached ****** piety under Trog
  3272 | D        | Received a gift from Trog
  3429 | D        | Noticed a spriggan rider
  3432 | D        | Found Muppuef's Assorted Antiques.
  3436 | D        | Killed a spriggan rider
  3437 | D        | Reached skill level 17 in Long Blades
  3437 | D        | Reached skill level 10 in Evocations
  3438 | D        | Found Tidaapum's Distillery.
  3456 | D        | Bought a pair of gloves for 139 gold pieces
  3723 | D        | Noticed Agnes
  3728 | D        | Killed Agnes
  3728 | D        | Noticed a spriggan berserker
  3733 | D        | Killed a spriggan berserker
  3734 | D        | Found Cicworr's Weapon Emporium.
  4129 | D        | Found Tadal's Jewellery Shoppe.
  4130 | D        | Noticed a spriggan defender
  4142 | D        | HP: 3/156 [spriggan defender/+1 lajatang of speed (30)]
  4143 | D        | Killed a spriggan defender
  4144 | D        | Reached skill level 18 in Long Blades
  4144 | D        | Reached skill level 10 in Armour
  4144 | D        | Reached XP level 11. HP: 4/111 MP: 10/10
  4152 | D        | Identified the +4 morningstar of Valour {protect, rCorr}
  4540 | D        | Noticed a spriggan rider
  4575 | D        | Reached skill level 15 in Fighting
  4931 | D        | Received a gift from Trog
  4949 | D        | Found Teche's Weapon Boutique.
  4949 | D        | Found Tefif's Antique Armour Emporium.
  4949 | D        | Found Ebolom's Magic Scroll Shoppe.
  4953 | D        | Killed a ghost moth
  5129 | D        | Noticed an oklob plant meteorologist
  5130 | D        | Noticed an oklob plant shifter
  5135 | D        | Killed an oklob plant meteorologist
  5136 | D        | Reached skill level 1 in Bows
  5144 | D        | Killed an oklob plant shifter
  5144 | D        | Received a gift from Trog
  5145 | D        | Reached skill level 19 in Long Blades
  5451 | D        | Noticed a spriggan rider
  5812 | D        | Found Zotarr's Distillery.
  5812 | D        | Found Puudyir's Distillery.
  5812 | D        | Found Gogunozi's Jewellery Shoppe.
  5813 | D        | Found Rausot's Antique Weapon Emporium.
  5813 | D        | Found Myiket's Weapon Boutique.
  5813 | D        | Found Zimechum's Magic Scroll Emporium.
  5813 | D        | Found Noinn's Book Shop.
  5813 | D        | Found Nosaucs's Assorted Antiques.
  5848 | D        | Noticed an oklob plant summoner
  5854 | D        | Found Omaohaa's Weapon Emporium.
  5855 | D        | Found Semol's General Store.
  5862 | D        | Killed an oklob plant summoner
  6101 | D        | Noticed an oklob plant annihilator
  6102 | D        | Noticed an oklob plant demonologist
  6102 | D        | Noticed a spriggan berserker
  6107 | D        | Killed a spriggan berserker
  6112 | D        | Killed an oklob plant annihilator
  6112 | D        | Received a gift from Trog
  6115 | D        | Killed an oklob plant demonologist
  6118 | D        | Identified the +6 mace of Iwoenal {vorpal, *Slow rF+ Int+4}
  6201 | D        | Identified the amulet "Paneil" {Reflect rF+ Will- Dex+4
                  | SH+5}
  6246 | D        | Noticed an oklob plant
  6246 | D        | Noticed an oklob plant
  6246 | D        | Noticed an oklob plant
  6246 | D        | Noticed an oklob plant
  6246 | D        | Noticed an oklob plant
  6246 | D        | Noticed an oklob plant
  6247 | D        | Noticed an oklob plant
  6248 | D        | Killed an oklob plant
  6608 | D        | Noticed an oklob plant
  6610 | D        | Killed an oklob plant
  6611 | D        | Reached skill level 10 in Stealth
  6611 | D        | Noticed an oklob plant
  6612 | D        | Noticed an oklob plant
  6615 | D        | Killed an oklob plant
  6616 | D        | Noticed an oklob plant
  6617 | D        | Noticed an oklob plant
  6619 | D        | Killed an oklob plant
  6623 | D        | Killed an oklob plant
  6623 | D        | Identified the +8 halberd "Zetzem" {vorpal, Fly rF+ Dex-4}
                  | (Trog gifted it to you in the Dungeon)
  6623 | D        | Received a gift from Trog
  6624 | D        | Reached skill level 20 in Long Blades
  6627 | D        | Killed an oklob plant
  6628 | D        | Reached XP level 12. HP: 113/122 MP: 11/11
  7213 | D        | Received a gift from Trog
  7418 | D        | Noticed a spriggan defender
  7418 | D        | Noticed a spriggan defender
  7444 | D        | Killed a spriggan defender
  7581 | D        | Killed a spriggan defender
  8041 | D        | Reached skill level 21 in Long Blades
  8043 | D        | Received a gift from Trog
  8047 | D        | Reached skill level 15 in Armour
  8487 | D        | Received a gift from Trog
  8500 | D        | Noticed a spriggan defender
  8533 | D        | Killed a spriggan defender
  8635 | D        | Noticed the Enchantress
  8647 | D        | Killed the Enchantress
  8648 | D        | Reached skill level 22 in Long Blades
  8648 | D        | Reached skill level 10 in Dodging
  8772 | D        | Reached XP level 13. HP: 130/134 MP: 10/12
  8914 | D        | Identified the +10 great sword of the Ego {vorpal, Dex+5}
                  | (Trog gifted it to you in the Dungeon)
  8914 | D        | Received a gift from Trog
  8936 | D        | Killed a ghost moth
  9172 | D        | Noticed a spriggan defender
  9174 | D        | Noticed a spriggan defender
  9185 | D        | Killed a spriggan defender
  9187 | D        | Killed a spriggan defender
  9588 | D        | Got the Orb of Zot
  9630 | D        | Noticed an angel
  9637 | D        | Killed an angel
  9650 | D        | Noticed a balrug
  9650 | D        | Noticed a demonspawn blood saint
  9650 | D        | Noticed a demonspawn warmonger
  9653 | D        | Killed a demonspawn blood saint
  9656 | D        | HP: 6/136 [balrug/+0 demon whip (19)]
  9656 | D        | Mangled by a balrug

Illustrated notes

Levels and vault maps discovered:
D:        dungeon_sprint_fedhas [sprint_temple]

Skill      XL: |  1  2  3  4  5  6  7  8  9 10 11 12 13 |
---------------+----------------------------------------+-----
Fighting       | 4 5 7 8 9 11 12 13 14 16 18 | 18.8
Long Blades    | 4 6 7 9 10 11 13 15 16 18 20 22 | 22.8
Armour         | 3 4 5 6 10 14 16 17 | 17.0
Dodging        | 3 4 5 6 7 8 9 10 | 10.5
Stealth        | 1 2 4 6 8 10 11 12 | 12.3
Evocations     | 1 2 3 4 7 9 10 11 13 14 | 14.7
Shields        | 1 2 3 |  3.2
Bows           | 2 |  2.0

Action                   |  1- 3 |  4- 6 |  7- 9 | 10-12 | 13-15 || total
-------------------------+-------+-------+-------+-------+-------++-------
Melee: Falchion          |     8 |    27 |    59 |       |       ||    94
       Punch             |     1 |       |       |       |       ||     1
       Headbutt          |       |     7 |    20 |    27 |     3 ||    57
       Scimitar          |       |       |     9 |     9 |       ||    18
       Triple sword      |       |       |       |   139 |    29 ||   168
 Fire: Longbow           |       |       |       |     2 |       ||     2
Invok: Berserk           |     1 |     4 |     6 |    13 |     3 ||    27
       Trog's Hand       |       |       |       |     2 |       ||     2
       Brothers in Arms  |       |       |       |     7 |     4 ||    11
 Abil: Evoke Invisibilit |       |     3 |     6 |    14 |     2 ||    25
 Stab: Invisible         |       |     1 |     7 |    12 |       ||    20
       Sleeping          |       |       |     1 |     1 |     1 ||     3
       Distracted        |       |       |       |     2 |     1 ||     3
Armor: Animal skin       |       |     1 |       |       |       ||     1
       Chain mail        |       |       |       |    29 |       ||    29
       Acid dragon scale |       |       |       |       |    14 ||    14
Dodge: Dodged            |     3 |     6 |    30 |    53 |    19 ||   111
Block: Buckler           |       |       |     4 |       |       ||     4
